 Dungeon Crawl Stone Soup version 0.10.4 character file.

672167 CodaKJazz the Demon Slayer (level 27, 0/262 (265) HPs)
             Began as a Minotaur Fighter on July 22, 2023.
             Was a High Priest of The Shining One.
             Killed from afar by a Brimstone Fiend (33 damage)
             ... with a blast of hellfire
             ... on Level 7 of Gehenna on Aug 8, 2023.
             The game lasted 05:26:48 (84189 turns).

CodaKJazz the Demon Slayer (Minotaur Fighter)      Turns: 84189, Time: 05:26:48

HP   0/262 (265) AC 42     Str 32      XL: 27
MP  36/41        EV 13     Int  4 (8)  God: The Shining One [*****.]
Gold 7056        SH 76     Dex 15      Spells:  0 memorised, 26 levels left

Res.Fire  : + + .   See Invis. : .   a - +8 Blessed Blade
Res.Cold  : + . .   Warding    : . . S - +5 gold dragon armour
Life Prot.: + + .   Conserve   : +   z - +3 large shield {god gift}
Res.Acid. : + . .   Res.Corr.  : +   e - +4 cap of Elyvilon's Hope {Dex+3 Acc+6}
Res.Poison: +       Clarity    : .   f - +2 dwarf cloak {rCorr, Cons}
Res.Elec. : .       Spirit.Shd : .   t - +2 pair of gloves of Benevolence {Str+2}
Sust.Abil.: + .     Stasis     : .   P - +0 pair of boots {Lev} {god gift}
Res.Mut.  : .       Ctrl.Telep.: .   W - amulet of Threase {cFly rF+}
Res.Rott. : .       Levitation : +   R - ring of sustain abilities
Saprovore : . . .   Ctrl.Flight: +   c - +0,+5 ring of slaying

@: flying, quite resistant to hostile enchantments, extremely unstealthy
A: retaliatory headbutt, horns 2, fast metabolism 1, Str +1
a: Divine Shield, Cleansing Flame, Summon Divine Warrior, Renounce Religion,
Stop Levitating
}: 4/15 runes: decaying, barnacled, silver, obsidian


You were on level 7 of Gehenna.
You worshipped The Shining One.
The Shining One was extremely pleased with you.
You were not hungry.

You visited 14 branches of the dungeon, and saw 84 of its levels.
You visited the Abyss 2 times.
You visited 1 Labyrinth.
You visited 1 portal chamber: ice cave.

You collected 9580 gold pieces.
You spent 2544 gold pieces at shops.

Inventory:

Hand weapons
 a - a +8,+8 Blessed Blade (weapon)
Missiles
 n - 3 +0 javelins of returning (quivered)
 y - 5 +0 javelins of penetration {god gift}
 C - 21 +0 darts of dispersal
 L - 3 silver +0 javelins {god gift}
 X - 7 +0 throwing nets
Armour
 e - the +4 cap of Elyvilon's Hope (worn) {Dex+3 Acc+6}
   (You acquired it on level 2 of the Tomb of the Ancients)

   It affects your dexterity (+3).
   It affects your accuracy (+6).
 f - a +2 dwarven cloak of preservation (worn)
 t - the +2 pair of gloves of Benevolence (worn) {Str+2}
   (You found it in the Abyss)

   It affects your strength (+2).
 z - a +3 large shield (worn) {god gift}
 P - a +0 pair of boots of levitation (worn) {god gift}
 S - a +5 gold dragon armour (worn)
Magical devices
 g - a wand of lightning (9)
 m - a wand of digging (6)
 v - a wand of flame (11)
 x - a wand of heal wounds (6)
 H - a wand of heal wounds (0)
 U - a wand of teleportation (5)
Comestibles
 b - 8 meat rations
 V - 6 bread rations
Scrolls
 h - a scroll of blinking
 k - 4 scrolls of remove curse
 u - a scroll of teleportation
 O - 5 scrolls of magic mapping
 T - a scroll of silence
 Z - 2 scrolls of fear
Jewellery
 c - a +0,+5 ring of slaying (left hand)
 i - a cursed ring of protection from cold
 D - the cursed amulet "Sojucas" {Stasis rPois rF++ Str+1}
   (You found it on level 8 of the Vaults)

   [amulet of stasis]

   It affects your strength (+1).
   It greatly protects you from fire.
   It protects you from poison.
   It has a curse placed upon it.
 M - the ring of Vitality {Regen HP+15}
   (You found it on level 5 of the Vaults)

   [ring of regeneration]

   It affects your health (+15).
   This famed ring greatly improves its wearer's health.
 Q - a cursed amulet of resist mutation
 R - a ring of sustain abilities (right hand)
 W - the amulet of Threase (around neck) {cFly rF+}
   (You found it on level 1 of the Lair of Beasts)

   [amulet of controlled flight]

   It protects you from fire.
 Y - a cursed ring of see invisible
Potions
 j - 3 potions of invisibility
 l - 2 potions of magic
 q - 8 potions of agility
 r - a potion of heal wounds
 s - 2 potions of restore abilities
 E - 2 potions of cure mutation
 F - 5 potions of might
 G - 5 potions of speed
 I - 3 potions of resistance
 J - 13 potions of curing
 K - 3 potions of brilliance
Miscellaneous
 p - the horn of Geryon


   Skills:
 + Level 23.8 Fighting
 - Level 17.4 Long Blades
 - Level 16.0 Axes
 - Level 13.0 Polearms
 - Level 13.0 Throwing
 + Level 21.4 Armour
 + Level 20.0 Dodging
 - Level 22.4 Shields
 - Level 11.6 Traps & Doors
 * Level 24.3 Invocations
 - Level 9.4 Evocations


You had 26 spell levels left.
You didn't know any spells.

Dungeon Overview and Level Annotations

Branches:
Dungeon (27/27)            Temple (1/1) D:6             Orc (4/4) D:8
    Elf (5/5) Orc:3          Lair (8/8) D:13          Swamp (5/5) Lair:3
 Shoals (5/5) Lair:6        Slime (0/6) Lair:6        Vault (8/8) D:19
  Blade (1/1) Vault:4       Crypt (5/5) Vault:3        Tomb (2/3) Crypt:3
   Hell (1/1)                 Geh (7/7) Hell            Zot (5/5) D:27
    Dis: Hell:1         Coc: Hell:1         Tar: Hell:1

Altars:
Ashenzari
Cheibriados
Elyvilon
Fedhas
Kikubaaqudgha
Makhleb
Nemelex Xobeh
Okawaru
Sif Muna
The Shining One
Trog
Vehumet
Xom
Yredelemnul
Zin
Beogh

Shops:
D:5: [ D:8: [? D:11: = D:18: + D:27: [ Orc:4: *(?!+ Elf:2: ( Elf:5: ! Shoals:3: /

Portals:
Hell: D:14 D:21 D:22 D:23 D:25 D:26 D:27
Abyss: D:21 D:22 D:26
Pan: D:22 D:24 D:27
Trove: Vault:2 (give +5 ice dragon armour)

Annotations
D:12 exclusion: downstairs
Lair:6 exclusion: 2 oklob plants
Swamp:3 exclusion: downstairs
Swamp:5 Boris
Shoals:5 exclusion: door Blade Wiglaf


Innate Abilities, Weirdness & Mutations

You reflexively headbutt those who attack you in melee.
You have a pair of horns on your head.
You have a fast metabolism.
Your muscles are strong (Str +1).


Message History

Your angel is heavily wounded.
The golden flame engulfs the Brimstone Fiend.
The Brimstone Fiend writhes in agony!
You kill the Brimstone Fiend!
The Shining One accepts your kill.
You feel a little better.
You feel your power returning.
Your Dodging skill increases to level 20!
The golden flame engulfs the Brimstone Fiend.
The Brimstone Fiend writhes in agony!
The Brimstone Fiend is almost dead.
You feel somewhat more hungry.
The Brimstone Fiend calls on the powers of darkness!
Your body is wracked with pain!
* * * LOW HITPOINT WARNING * * *
Your angel convulses!
Drink which item? (? for menu, Esc to quit)
You feel much better. The Brimstone Fiend gestures at you.
The hellfire explodes!
You die...

≈≈≈≈ §§≈≈≈≈≈§§≈≈
§≈≈≈≈≈≈§§≈≈ #####≈≈≈≈§§≈
########≈≈≈≈§≈ ##.
#......#v≈≈3≈#
#...#######......##3zzz#
2.........#...##...######
#....@.'..####..'....'
......1.A.#...##...######
#...#######......##§≈§§#
##. #......#§≈§≈§#
########≈§≈§≈≈ # ####
≈≈≈§≈≈≈ §≈≈≈
§§≈≈≈§≈≈≈≈§≈≈≈ ≈≈≈≈§
≈§≈≈≈≈§≈≈≈§§§≈≈ ≈≈≈§
≈§§≈≈§≈§ ≈§≈≈


You could see a Brimstone Fiend, a hellion and a friendly angel.

Vanquished Creatures
  Asmodeus (Geh:7)
  An ancient lich (Crypt:5)
  the Serpent of Hell (Geh:7)
  17 greater mummies (Tomb:1)
  The ghost of CodaKJazz the Slayer, a great MiBe of Trog (D:27)
  Norris (D:18)
  Mara (Vault:1)
  Margery (Crypt:5)
  Mennas (Swamp:4)
  Geryon (Hell)
  4 golden dragons
  A golden dragon (shapeshifter) (Vault:8)
  The ghost of syranez the Axe Maniac, a mighty MiBe of Trog (Shoals:5)
  2 illusory
  Maras (Vault:1)
  Xtahua (D:20)
  Frederick (Vault:3)
  An electric golem (Zot:1)
  11 Brimstone Fiends
  6 liches
  2 Pit Fiends (Elf:5)
  11 shadow dragons
  2 ghost moths (shapeshifter) (Vault:8)
  Murray (Hell)
  5 titans
  4 storm dragons
  2 Ice Fiends
  11 sphinxes
  An eldritch tentacle (Geh:1)
  Rupert (D:18)
  Agnes (D:17)
  Frances (D:17)
  A Shadow Fiend (D:27)
  2 draconian monks
  3 Executioners (Abyss)
  10 frost giants
  Donald (Orc:3)
  3 ghouls (Tomb:1)
  12 balrugs
  An orc warlord (Orc:2)
  2 draconian scorchers
  9 bone dragons
  2 tentacled monstrosities
  A draconian zealot (Zot:2)
  9 fire giants
  3 quicksilver dragon zombies
  Gastronok (Lair:6)
  40 stone giants
  A draconian annihilator (Zot:1)
  A quicksilver dragon skeleton (Crypt:5)
  2 draconian callers
  A draconian shifter (Zot:1)
  A curse skull (Crypt:2)
  A grey draconian (Zot:2)
  4 green draconians
  9 deep elf annihilators
  3 Green Deaths
  2 yellow draconians
  11 deep elf death magi
  3 purple draconians
  5 mottled draconians
  4 black draconians
  6 red draconians
  3 white draconians
  A pale draconian (Zot:4)
  12 deep elf sorcerers
  A deep elf master archer (Elf:5)
  A vampire knight (Crypt:4)
  An anaconda (shapeshifter) (D:17)
  18 reapers
  3 ettins
  A minotaur (Lab)
  32 vault guards
  13 mummy priests
  3 dragons
  A storm dragon zombie (D:27)
  42 yaktaur captains
  A great orb of eyes (shapeshifter) (Vault:4)
  11 eidola (Crypt:5)
  2 great orbs of eyes
  2 sirens
  A titan skeleton (Crypt:5)
  2 dragons (shapeshifter)
  2 storm dragon skeletons (D:27)
  An ice dragon (shapeshifter) (Vault:8)
  A golden dragon zombie (Geh:7)
  20 hydras
  Harold (D:14)
  Josephine (D:13)
  3 merfolk aquamancers (Shoals:5)
  2 lorocyprocas
  2 merfolk javelineers (Shoals:5)
  5 deep elf demonologists
  Polyphemus (Shoals:3)
  2 golden dragon skeletons
  8 ogre magi
  An alligator snapping turtle (Shoals:5)
  7 alligators
  7 deep elf high priests
  A sphinx zombie (D:22)
  45 deep trolls
  5 fire giant zombies
  A rakshasa (D:19)
  25 death yaks
  10 stone giant zombies
  14 dancing weapons (Blade)
  2 merfolk impalers (Shoals:5)
  2 shadow dragon skeletons (D:27)
  3 frost giant zombies (D:27)
  2 elves (shapeshifter)
  3 very ugly things
  4 orc high priests
  A death yak (shapeshifter) (Vault:8)
  A sphinx skeleton (Vault:5)
  15 sun demons
  6 fire giant skeletons
  19 centaur warriors
  A frost giant skeleton (Crypt:5)
  18 stone giant skeletons
  11 hell hogs
  An alligator snapping turtle zombie (Geh:1)
  2 dire elephant zombies
  2 draconians (shapeshifter)
  A vapour (Vault:5)
  A deep dwarf death knight (Abyss)
  2 emperor scorpions (shapeshifter)
  Erolcha (Orc:3)
  A storm dragon simulacrum (D:27)
  2 giant orange brains (shapeshifter)
  A death drake (Zot:1)
  4 iron trolls
  48 skeletal warriors
  18 soul eaters
  8 unseen horrors
  An elephant slug zombie (Abyss)
  12 ice devils
  A titan simulacrum (D:27)
  An iron troll (shapeshifter) (D:22)
  23 deep elf knights
  4 naga warriors (D:26)
  A mottled draconian zombie (Abyss)
  22 orc knights
  17 hell knights
  8 sea snakes
  An alligator snapping turtle skeleton (Geh:1)
  8 shadow wraiths
  A wizard (D:19)
  10 flayed ghosts
  13 large abominations
  2 black draconian zombies
  4 giant amoebae
  A swamp dragon (Swamp:3)
  An ice statue (Port)
  6 flaming corpses
  A black draconian skeleton (Abyss)
  8 hill giants
  19 necromancers
  31 harpies
  12 hellions
  2 red draconian skeletons
  A harpy zombie (D:27)
  A death yak skeleton (Crypt:5)
  A griffon (shapeshifter) (Vault:5)
  A purple draconian skeleton (Crypt:3)
  2 catoblepas zombies
  5 iron troll skeletons
  3 spiny worms
  7 orc sorcerers
  A minotaur skeleton (Tomb:1)
  2 shadow dragon simulacra (D:27)
  A spiny worm (shapeshifter) (D:26)
  An oklob plant (D:13)
  A guardian serpent zombie (Crypt:5)
  A frost giant simulacrum (D:27)
  A moth of wrath (shapeshifter) (D:27)
  10 cyclopes
  A death drake skeleton (Geh:4)
  A wolf spider zombie (D:18)
  8 sixfirhies
  2 stone golems (Elf:5)
  Maurice (D:8)
  7 trapdoor spider zombies
  13 phantasmal warriors
  3 stone giant simulacra (D:27)
  4 griffon zombies
  A red wasp zombie (Vault:2)
  A sphinx simulacrum (Hell)
  2 tormentors
  5 moths of wrath
  4 red wasps
  2 cyclopes (shapeshifter) (Vault:8)
  2 trapdoor spiders
  9 feature mimics
  2 wolf spiders
  9 elf zombies
  14 orange demons
  A wolf spider (shapeshifter) (D:19)
  7 black mambas
  3 griffon skeletons
  A slime creature (shapeshifter) (Vault:8)
  9 griffons
  A dragon zombie (Crypt:2)
  12 elephants
  6 ettin skeletons
  An ice dragon skeleton (Geh:1)
  A yaktaur (shapeshifter) (Elf:1)
  61 guardian mummies
  2 dragon skeletons
  2 hill giant zombies
  8 spiny frogs
  69 slime creatures
  A queen ant zombie (Crypt:2)
  10 hellwings
  4 efreeti
  6 iron devils
  2 redbacks
  10 rock trolls
  53 yaktaurs
  A naga mage (Abyss)
  2 agate snail zombies
  11 komodo dragons
  3 silent spectres
  A black mamba skeleton (Vault:3)
  78 ugly things
  20 two-headed ogres
  A troll (shapeshifter) (Vault:8)
  Sonja (D:12)
  10 trolls
  A hill giant skeleton (D:13)
  A spriggan skeleton (Crypt:4)
  3 baby alligators (Swamp:2)
  5 mermaids
  A queen bee (D:14)
  22 smoke demons
  9 snapping turtles
  2 deep troll zombies
  A spriggan (shapeshifter) (Vault:8)
  2 rock troll zombies
  A snapping turtle (shapeshifter) (Vault:8)
  3 deep dwarf necromancers (Crypt:5)
  A redback (shapeshifter) (Vault:8)
  A siren simulacrum (Tomb:1)
  3 bog mummies
  A human skeleton (Crypt:4)
  9 raven skeletons
  12 blink frogs
  A snapping turtle zombie (Crypt:1)
  8 blue devils
  3 trapdoor spider simulacra (Tomb:1)
  4 basilisks
  10 vampires
  An elephant zombie (Crypt:1)
  A blink frog zombie (Crypt:3)
  3 deep troll skeletons
  An ettin simulacrum (D:27)
  2 rock troll skeletons
  A grizzly bear (shapeshifter) (Elf:1)
  7 hairy devils
  A redback zombie (Vault:2)
  A lindwurm zombie (Crypt:4)
  A spiny worm simulacrum (Crypt:2)
  7 sharks
  A snapping turtle skeleton (Geh:1)
  3 chaos spawn
  A merfolk skeleton (Abyss)
  8 ynoxinuls
  A lindwurm skeleton (Crypt:5)
  15 deep elf conjurers
  A hog zombie (Tomb:1)
  A dragon simulacrum (D:27)
  45 yaks
  11 hell beasts
  4 merfolk (shapeshifter)
  19 wraiths
  13 fire vortices (Geh:7)
  2 steam dragons (Swamp:5)
  Grum (Orc:3)
  An elephant skeleton (Crypt:3)
  6 fire drakes
  4 wyverns
  5 clay golems
  8 fire crab zombies
  2 hogs (Swamp:2)
  2 war dogs (Orc:3)
  10 hippogriffs
  27 deep elf fighters
  A hippogriff (shapeshifter) (Vault:2)
  A hog skeleton (Crypt:3)
  2 soldier ants
  A water elemental (Abyss)
  5 molten gargoyles (Geh:7)
  30 merfolk
  A rock worm (D:22)
  An item mimic (Vault:8)
  3 yaktaur zombies
  12 neqoxecs
  A komodo dragon zombie (D:18)
  47 vampire mosquitoes
  9 human zombies
  An elf skeleton (Crypt:5)
  2 manticore zombies
  12 necrophages
  8 deep elf summoners
  28 swamp worms
  17 hell hounds
  8 manticores
  2 cyclops zombies
  A jumping spider zombie (Geh:4)
  5 mottled dragons
  A deep troll simulacrum (D:27)
  11 hungry ghosts
  11 freezing wraiths
  10 deep elf priests
  12 red devils
  A yaktaur skeleton (Vault:2)
  22 insubstantial wisps
  3 phantoms
  23 small abominations
  3 sky beasts
  A cyclops skeleton (Vault:3)
  66 orc warriors
  7 deep dwarves (Abyss)
  An ice beast (D:5)
  A manticore skeleton (Crypt:5)
  A queen bee zombie (Crypt:4)
  36 ogres
  A polar bear zombie (Crypt:2)
  2 grizzly bear zombies (Crypt:5)
  27 giant goldfish
  3 nagas (Abyss)
  A boring beetle (D:25)
  19 deep elf magi
  3 troll skeletons
  9 crocodiles
  12 swamp drakes
  5 wolves
  11 wargs
  2 grizzly bear skeletons
  38 centaurs
  15 rotting devils
  A yak skeleton (D:23)
  A war dog skeleton (Crypt:2)
  3 draconian simulacra (Port)
  3 basilisk zombies
  3 lava worms
  A giant frog zombie (D:13)
  A tarantella zombie (Crypt:5)
  6 giant slugs
  A brain worm (Abyss)
  2 water moccasin skeletons
  A water moccasin zombie (Crypt:4)
  4 basilisk skeletons
  8 giant leeches
  8 agate snails
  12 big kobolds
  13 water moccasins
  32 giant frogs
  4 grizzly bear simulacra (Lair:3)
  5 boulder beetles
  A giant leech zombie (Crypt:2)
  33 killer bees
  2 warg skeletons
  17 jellyfish
  2 elf simulacra (Port)
  6 troll simulacra (Port)
  17 electric eels
  4 deep dwarf zombies
  A killer bee zombie (D:14)
  6 lava fish
  7 polar bear simulacra (Port)
  48 wights
  A tengu zombie (Tomb:1)
  A centaur simulacrum (Port)
  14 crimson imps
  10 lava snakes
  An ogre zombie (Crypt:3)
  4 goliath beetles
  2 deep dwarf skeletons
  A mottled dragon zombie (Crypt:4)
  A dwarf skeleton (Crypt:5)
  16 hounds
  24 shadows
  A draconian skeleton (Crypt:5)
  39 orc priests
  4 quasits
  5 spiders (Vault:6)
  Crazy Yiuf (D:4)
  23 big fish
  A crocodile skeleton (Geh:1)
  An ogre skeleton (Geh:1)
  5 big kobold skeletons
  11 iron imps
  57 orc wizards
  A scorpion (D:6)
  A soldier ant simulacrum (Tomb:1)
  20 orange rats
  A hound zombie (D:9)
  8 iguanas
  34 deep elf soldiers
  3 hound skeletons
  4 porcupines
  5 orc zombies
  2 swamp drake zombies
  13 worker ants
  40 sheep
  An orange rat skeleton (Crypt:2)
  Jessica (D:3)
  4 boggarts (Vault:3)
  2 hound simulacra (Lair:3)
  3 ogre simulacra (Port)
  5 jellies
  A mottled dragon simulacrum (D:23)
  2 naga simulacra (Port)
  A worker ant simulacrum (Tomb:1)
  42 flying skulls
  A goliath beetle zombie (Tomb:1)
  37 mummies
  23 gnolls
  52 green rats
  20 adders
  An adder zombie (D:7)
  2 giant centipede zombies
  8 midges
  A scorpion zombie (Crypt:3)
  An iguana zombie (D:13)
  15 lemures
  4 giant centipedes
  A porcupine zombie (Geh:7)
  2 giant mites (Lair:2)
  A halfling skeleton (Tomb:1)
  An iguana skeleton (D:4)
  A sheep skeleton (Crypt:5)
  9 shadow imps
  53 ufetubi
  19 white imps
  2 worms (D:8)
  2 sheep simulacra (Lair:3)
  13 grey rats
  A grey rat (shapeshifter) (Vault:8)
  A giant eyeball (D:14)
  2 green rat zombies
  14 giant geckos
  A gnoll skeleton (Crypt:2)
  An ooze (D:10)
  223 orcs
  51 bats
  11 giant cockroaches
  A gnoll simulacrum (Tomb:1)
  43 hobgoblins
  15 jackals
  A kobold (shapeshifter) (Vault:6)
  27 kobolds
  16 quokkas
  3 ball pythons
  A ball python skeleton (Tomb:1)
  A ball python zombie (Tomb:1)
  A giant cockroach zombie (Crypt:4)
  A giant gecko zombie (D:6)
  3 giant newts
  2 giant spores (D:12)
  53 goblins
  2 human simulacra (Port)
  A jackal skeleton (D:5)
  A kobold skeleton (Geh:5)
  5 orc simulacra (Port)
  An orc skeleton (Crypt:4)
  A quokka zombie (Vault:2)
  52 rats
  3 rat simulacra (Lair:3)
  A rat zombie (D:7)
  8 ballistomycetes
  A crawling corpse (Zot:2)
  9 fungi
  18 plants
  32 toadstools
3908 creatures vanquished.

Vanquished Creatures (collateral kills)
  A deep elf blademaster (Elf:5)
  A balrug (Geh:7)
  A deep elf annihilator (Elf:5)
  A deep elf demonologist (Elf:5)
  4 stone golems (Elf:5)
  An orange demon (Elf:5)
  An efreet (Geh:7)
  A hairy devil (Elf:5)
  A giant slug (Lair:2)
  2 crawling corpses (Elf:5)
14 creatures vanquished.

Vanquished Creatures (others)
  2 daevas (Geh:7)
  2 angels (Elf:5)
  A fire giant (Geh:7)
  A ball lightning (Tomb:2)
  A necromancer (Geh:1)
  An elephant (Lair:6)
  A yaktaur (D:26)
  An ice dragon skeleton (Geh:7)
  A black mamba skeleton (Geh:7)
  A lindwurm zombie (Geh:1)
  2 vampire mosquitoes (Swamp:5)
  A manticore (Shoals:5)
  2 swamp worms (Swamp:5)
  A small abomination (Lair:1)
  2 rotting devils
  A jumping spider simulacrum (Tomb:2)
  A giant frog (Lair:3)
  3 wights (Geh:7)
  2 deep elf soldiers
  An orc wizard (Vault:7)
  A lemure (D:14)
  3 green rats (Lair:3)
  A giant mite (Lair:3)
  An adder (D:22)
  A white imp (Port)
  A shadow imp (D:14)
  7 ufetubi
  7 orcs
  A goblin (D:18)
  2 hobgoblins
  A giant gecko skeleton (Geh:7)
  2 giant spores
  A kobold (D:8)
  5 ballistomycetes (D:16)
  A butterfly (Tomb:2)
  2 crawling corpses
  57 eldritch tentacle segments
  9 fungi (Lair:8)
  10 plants
  190 toadstools
331 creatures vanquished.

Grand Total: 4253 creatures vanquished

Notes
Turn   | Place    | Note
--------------------------------------------------------------
     0 | D:1      | CodaKJazz, the Minotaur Fighter, began the quest for the Orb.
     0 | D:1      | Reached XP level 1. HP: 19/19 MP: 0/0
   390 | D:1      | Reached XP level 2. HP: 26/26 MP: 0/0
   489 | D:1      | Reached skill level 4 in Shields
  1410 | D:2      | Reached XP level 3. HP: 33/33 MP: 1/1
  1793 | D:3      | Noticed Jessica
  1800 | D:3      | Killed Jessica
  1871 | D:3      | Reached skill level 5 in Shields
  1974 | D:3      | Reached XP level 4. HP: 38/40 MP: 1/1
  2194 | D:4      | Found a white marble altar of Elyvilon.
  2218 | D:5      | Entered Level 5 of the Dungeon
  2224 | D:5      | Found Fucuma's Antique Armour Shoppe.
  2233 | D:5      | Bought a pair of glowing dwarven gauntlets for 33 gold pieces
  2233 | D:5      | Bought a runed orcish cloak for 19 gold pieces
  2303 | D:5      | Found a glowing golden altar of the Shining One.
  2376 | D:6      | Reached XP level 5. HP: 46/46 MP: 1/1
  2420 | D:6      | Found a staircase to the Ecumenical Temple.
  2433 | Temple   | Entered the Ecumenical Temple
  2460 | Temple   | Became a worshipper of Warmaster Okawaru
  2642 | D:3      | Acquired Okawaru's first power
  2697 | D:3      | Reached XP level 6. HP: 51/53 MP: 2/2
  2779 | D:3      | Reached skill level 6 in Shields
  2845 | D:3      | Noticed a big kobold
  2851 | D:3      | Noticed a big kobold
  2856 | D:3      | Noticed a big kobold
  2870 | D:3      | Killed a big kobold
  2896 | D:3      | Killed a big kobold
  2898 | D:3      | Killed a big kobold
  2898 | D:3      | Reached XP level 7. HP: 33/60 MP: 2/2
  3005 | D:3      | Reached skill level 7 in Shields
  3704 | D:4      | Noticed Crazy Yiuf
  3719 | D:4      | Killed Crazy Yiuf
  4462 | D:5      | Reached skill level 8 in Shields
  4744 | D:6      | Reached XP level 8. HP: 59/68 MP: 2/2
  5439 | D:6      | Found a deep blue altar of Sif Muna.
  5813 | D:7      | Acquired Okawaru's second power
  6480 | D:8      | Reached XP level 9. HP: 75/75 MP: 3/3
  6550 | D:8      | Noticed Maurice
  6563 | D:8      | Killed Maurice
  6615 | D:8      | Reached skill level 9 in Polearms
  6628 | D:8      | Found Shodgh's Antique Armour Shoppe.
  6637 | D:8      | Bought a runed shield for 94 gold pieces
  6888 | D:8      | Found Ydeos' Magic Scroll Shoppe.
  6893 | D:8      | Bought a scroll of identify for 24 gold pieces
  7460 | D:9      | Reached skill level 10 in Polearms
  7460 | D:9      | Reached XP level 10. HP: 79/84 MP: 3/3
  7648 | D:9      | Received a gift from Okawaru
  7674 | D:9      | Got a jewelled scale mail {god gift}
  7695 | D:9      | Identified the +5 scale mail "Qiriol" {god gift} (Okawaru gifted it to you on level 9 of the Dungeon)
  7784 | D:10     | Entered Level 10 of the Dungeon
  7895 | D:10     | Found a labyrinth entrance.
  7908 | Lab      | Entered a Labyrinth
  8224 | Lab      | Reached skill level 11 in Polearms
  8827 | D:11     | Reached skill level 12 in Polearms
  8928 | D:11     | Reached XP level 11. HP: 91/93 MP: 7/7
  9055 | D:11     | Found Stymuof's Jewellery Boutique.
  9267 | D:12     | Noticed Sonja
  9290 | D:12     | Killed Sonja
  9640 | D:12     | Reached skill level 13 in Polearms
 10226 | D:13     | Noticed Josephine
 10321 | D:13     | Killed Josephine
 10390 | D:13     | Found a staircase to the Lair.
 10537 | D:13     | Reached XP level 12. HP: 85/104 MP: 11/15
 10865 | Lair:1   | Entered Level 1 of the Lair of Beasts
 10871 | Lair:1   | Received a gift from Okawaru
 10904 | Lair:1   | Got an ancient cloak {god gift}
 10908 | Lair:1   | Identified the +2 cloak of Rofot {god gift} (Okawaru gifted it to you on level 1 of the Lair of Beasts)
 11244 | D:11     | Bought an uncursed ring of protection from fire for 350 gold pieces
 11266 | D:11     | Reached skill level 14 in Shields
 11376 | D:14     | Entered Level 14 of the Dungeon
 11875 | D:14     | Noticed Harold
 11891 | D:14     | Killed Harold
 12008 | D:14     | Paralysed by a giant eyeball for 2 turns
 12255 | D:14     | Reached skill level 15 in Shields
 12917 | Lair:1   | Got a fine ruby amulet
 12983 | Lair:2   | Identified the amulet of Threase (You found it on level 1 of the Lair of Beasts)
 13555 | Lair:2   | Received a gift from Okawaru
 13714 | Lair:2   | Reached XP level 13. HP: 91/115 MP: 20/20
 13878 | Lair:3   | Found a staircase to the Swamp.
 14592 | Lair:3   | Received a gift from Okawaru
 15319 | Lair:5   | Found a crumbling entrance.
 15436 | Lair:5   | Got a pair of polished boots
 15440 | Lair:5   | Identified the -5 pair of boots "Porghuh" (You acquired it on level 5 of the Lair of Beasts)
 15812 | Lair:6   | Found a staircase to the Slime Pits.
 15883 | Lair:6   | Noticed Gastronok
 15898 | Lair:6   | Killed Gastronok
 15916 | Lair:6   | Got a slimy wizard hat
 15919 | Lair:6   | Identified the +3 hat of Pondering (You took it off Gastronok on level 6 of the Lair of Beasts)
 16233 | Lair:6   | Received a gift from Okawaru
 16249 | Lair:6   | Found a staircase to the Shoals.
 16300 | Lair:6   | Reached skill level 16 in Shields
 16852 | Lair:5   | Found a snail-covered altar of Cheibriados.
 17316 | Lair:7   | Reached XP level 14. HP: 84/126 MP: 20/20
 17661 | Lair:8   | Entered Level 8 of the Lair of Beasts
 17691 | Lair:8   | Reached skill level 17 in Shields
 17797 | Lair:8   | Received a gift from Okawaru
 18811 | Lair:7   | Reached skill level 18 in Shields
 20627 | D:5      | Bought a heavily runed plate armour for 672 gold pieces
 20647 | D:5      | Identified the +7 plate armour "Ydohoul" (You bought it in a shop on level 5 of the Dungeon)
 20931 | D:15     | Entered Level 15 of the Dungeon
 21338 | D:15     | Reached XP level 15. HP: 136/136 MP: 22/22
 22247 | D:16     | Reached skill level 19 in Shields
 22523 | D:17     | Noticed Frances
 22537 | D:17     | Killed Frances
 22565 | D:17     | Received a gift from Okawaru
 22801 | D:17     | Noticed Agnes
 22817 | D:17     | Killed Agnes
 22986 | D:17     | Reached skill level 20 in Shields
 23228 | D:18     | Found a frozen archway.
 23244 | IceCv    | Entered an ice cave
 24942 | D:17     | Reached XP level 16. HP: 148/148 MP: 22/22
 25129 | D:18     | Noticed Rupert
 25129 | D:18     | Paralysed by Rupert for 2 turns
 25141 | D:18     | Killed Rupert
 25276 | D:18     | Reached skill level 21 in Shields
 25300 | D:18     | Found Chucip's Book Emporium.
 25379 | D:18     | Noticed Norris
 25410 | D:18     | Killed Norris
 25631 | D:19     | Found a staircase to the Vaults.
 25839 | D:19     | Received a gift from Okawaru
 26056 | D:20     | Entered Level 20 of the Dungeon
 26289 | D:20     | Reached skill level 22 in Shields
 26340 | D:20     | Noticed Xtahua
 26366 | D:20     | Killed Xtahua
 26674 | D:20     | Reached XP level 17. HP: 155/158 MP: 23/23
 26728 | D:20     | Got a slimy broad axe
 26729 | D:20     | Identified the broad axe "Ryudway" {speed, rElec rF++} (You found it on level 20 of the Dungeon)
 26825 | D:21     | Noticed a deep elf conjurer
 26825 | D:21     | Noticed a deep elf priest
 26830 | D:21     | Found a one-way gate to the infinite horrors of the Abyss.
 26833 | D:21     | Found a gateway to Hell.
 26885 | D:21     | Killed a deep elf conjurer
 26900 | D:21     | Killed a deep elf priest
 27118 | D:21     | Got a conspicuous book
 27122 | D:21     | Identified Sif Muna's Compendium of Supportive Moulding (You found it on level 21 of the Dungeon)
 27807 | D:22     | Received a gift from Okawaru
 27962 | D:22     | Found a one-way gate leading to the halls of Pandemonium.
 28073 | D:22     | Noticed a deep elf conjurer
 28084 | D:22     | Killed a deep elf conjurer
 28588 | D:23     | Paralysed by an ogre mage for 6 turns
 28598 | D:23     | Received a gift from Okawaru
 28655 | D:23     | Found Klevva's Food Shop.
 28690 | D:23     | Reached XP level 18. HP: 167/167 MP: 24/24
 29357 | D:24     | Received a gift from Okawaru
 29450 | D:25     | Entered Level 25 of the Dungeon
 29498 | D:25     | Received a gift from Okawaru
 30142 | D:19     | Received a gift from Okawaru
 30945 | D:8      | Found a shimmering altar of Xom.
 30965 | D:8      | Received a gift from Okawaru
 31022 | D:8      | Received a gift from Okawaru
 31046 | D:8      | Found a roughly hewn altar of Beogh.
 31047 | D:8      | Found a staircase to the Orcish Mines.
 31260 | Orc:1    | Entered Level 1 of the Orcish Mines
 31797 | Orc:2    | Noticed an orc warlord
 31808 | Orc:2    | Killed an orc warlord
 32121 | Orc:2    | Found a roughly hewn altar of Beogh.
 32126 | Orc:2    | Noticed an orc high priest
 32389 | Orc:3    | Noticed Grum
 32404 | Orc:3    | Killed Grum
 32535 | Orc:4    | Entered Level 4 of the Orcish Mines
 32794 | Orc:3    | Found a staircase to the Elven Halls.
 32896 | Orc:3    | Received a gift from Okawaru
 33045 | Orc:4    | Noticed an iron troll
 33142 | Orc:4    | Noticed an orc high priest
 33142 | Orc:4    | Noticed an orc high priest
 33143 | Orc:4    | Noticed an orc high priest
 33161 | Orc:4    | Killed an orc high priest
 33164 | Orc:4    | Killed an orc high priest
 33182 | Orc:4    | Killed an iron troll
 33207 | Orc:4    | Killed an orc high priest
 33260 | Elf:1    | Entered Level 1 of the Elven Halls
 33475 | Orc:3    | Noticed Donald
 33504 | Orc:3    | Killed Donald
 33523 | Orc:3    | Received a gift from Okawaru
 33709 | Orc:3    | Noticed Erolcha
 33718 | Orc:3    | Killed Erolcha
 34176 | Orc:4    | Found Loatsenn's Assorted Antiques.
 34187 | Orc:4    | Bought a scroll of magic mapping for 105 gold pieces
 34266 | Orc:4    | Received a gift from Okawaru
 34315 | Orc:4    | Found Akuzo's Antique Weapon Shoppe.
 34316 | Orc:4    | Found Ruyshrebb's Book Shop.
 34317 | Orc:4    | Found Dorual's Distillery.
 34317 | Orc:4    | Found Skail's Magic Scroll Shoppe.
 34384 | Orc:4    | Bought a potion of heal wounds for 45 gold pieces
 34384 | Orc:4    | Bought a potion of heal wounds for 45 gold pieces
 34384 | Orc:4    | Bought 2 potions of speed for 165 gold pieces
 34384 | Orc:4    | Bought a potion of curing for 30 gold pieces
 34384 | Orc:4    | Bought a potion of porridge for 15 gold pieces
 34389 | Orc:4    | Bought a potion of curing for 30 gold pieces
 34389 | Orc:4    | Bought a potion of curing for 30 gold pieces
 34400 | Orc:4    | Bought a scroll of enchant armour for 99 gold pieces
 34651 | Elf:1    | Received a gift from Okawaru
 35512 | Orc:3    | Killed an orc high priest
 35773 | Swamp:1  | Entered Level 1 of the Swamp
 36045 | Swamp:1  | Got a fine sapphire amulet
 36809 | Swamp:1  | Received a gift from Okawaru
 36823 | Swamp:1  | Identified the amulet "Paefoas" (You acquired it on level 1 of the Swamp)
 36916 | Swamp:2  | Reached XP level 19. HP: 176/176 MP: 25/25
 37205 | Swamp:2  | Received a gift from Okawaru
 38323 | Swamp:5  | Entered Level 5 of the Swamp
 38340 | Swamp:5  | Received a gift from Okawaru
 38786 | Swamp:5  | Received a gift from Okawaru
 38864 | Swamp:5  | Got a decaying rune of Zot
 39146 | Swamp:5  | Noticed Boris
 39403 | Swamp:4  | Noticed Mennas
 39516 | Swamp:4  | Killed Mennas
 39902 | Shoals:1 | Entered Level 1 of the Shoals
 40291 | Shoals:1 | Found a snail-covered altar of Cheibriados.
 40371 | Shoals:1 | Got a shimmering cloak
 40372 | Shoals:1 | Identified the +2 cloak "Criwahoq" (You found it on level 1 of the Shoals)
 40785 | Shoals:1 | Received a gift from Okawaru
 40969 | Shoals:3 | Received a gift from Okawaru
 41010 | Shoals:3 | Found Griaweh's Magical Wand Shop.
 41246 | Shoals:5 | Entered Level 5 of the Shoals
 41249 | Shoals:5 | Noticed syranez's ghost (mighty MiBe)
 41323 | Shoals:5 | Killed syranez's ghost
 41392 | Shoals:5 | Reached XP level 20. HP: 105/188 MP: 26/26
 42197 | Shoals:5 | Got a barnacled rune of Zot
 42251 | Shoals:3 | Noticed Polyphemus
 42270 | Shoals:3 | Killed Polyphemus
 42616 | Vault:1  | Entered Level 1 of the Vaults
 42862 | Vault:1  | Noticed Mara
 42926 | Vault:1  | Killed Mara
 43165 | Vault:1  | Received a gift from Okawaru
 43604 | Vault:2  | Noticed a deep elf mage
 43614 | Vault:2  | Killed a deep elf mage
 43635 | Vault:2  | Received a gift from Okawaru
 43706 | Vault:2  | Noticed a deep elf mage
 43716 | Vault:2  | Killed a deep elf mage
 43721 | Vault:2  | Noticed a deep elf conjurer
 43725 | Vault:2  | Killed a deep elf conjurer
 43755 | Vault:2  | Found a portal to a secret trove of treasure.
 43876 | Vault:2  | Got a pair of faintly glowing boots
 43879 | Vault:2  | Identified the +0 pair of boots of Trog's Envy (You found it on level 2 of the Vaults)
 44067 | Vault:2  | Received a gift from Okawaru
 44483 | Vault:2  | Received a gift from Okawaru
 44789 | Vault:3  | Received a gift from Okawaru
 45113 | Vault:4  | Found a staircase to the Hall of Blades.
 45443 | Vault:4  | Reached XP level 21. HP: 168/196 MP: 27/27
 45569 | Vault:4  | Received a gift from Okawaru
 45616 | Blade    | Entered the Hall of Blades
 45770 | Blade    | Reached XP level 20. HP: 149/189 MP: 35/36
 45810 | Blade    | Noticed Wiglaf
 46290 | Vault:5  | Reached XP level 21. HP: 160/196 MP: 27/27
 46494 | Vault:5  | Got an amethyst ring with an ankh
 46782 | Vault:5  | Received a gift from Okawaru
 47348 | Vault:7  | Paralysed by a sphinx for 4 turns
 47466 | Vault:7  | Identified the ring of Vitality (You found it on level 5 of the Vaults)
 47510 | Vault:7  | Received a gift from Okawaru
 48195 | Vault:7  | Received a gift from Okawaru
 48439 | Vault:6  | Noticed a deep elf demonologist
 48444 | Vault:6  | Noticed a shining eye
 48446 | Vault:6  | a shining eye changed into a merfolk
 48514 | Vault:6  | Killed a deep elf demonologist
 49030 | Vault:6  | Received a gift from Okawaru
 49490 | Vault:3  | Noticed Frederick
 49509 | Vault:3  | Killed Frederick
 49509 | Vault:3  | Reached XP level 22. HP: 132/205 MP: 27/27
 50780 | Vault:8  | Entered Level 8 of the Vaults
 51256 | Vault:8  | Noticed a guardian serpent
 51256 | Vault:8  | an elephant changed into a guardian serpent
 51264 | Vault:8  | a guardian serpent changed into a cyclops
 51269 | Vault:8  | Noticed a pulsating lump
 51269 | Vault:8  | a pulsating lump changed into a merfolk
 51729 | Vault:8  | Noticed a deep elf high priest
 51752 | Vault:8  | Killed a deep elf high priest
 51823 | Vault:8  | Noticed a deep elf high priest
 51867 | Vault:8  | Killed a deep elf high priest
 52105 | Vault:8  | Got a steaming steel ring
 52402 | Vault:8  | Noticed a deep elf sorcerer
 52403 | Vault:8  | Noticed a deep elf annihilator
 52464 | Vault:8  | Killed a deep elf annihilator
 52471 | Vault:8  | Killed a deep elf sorcerer
 52507 | Vault:8  | Noticed a golden dragon
 52519 | Vault:8  | Killed a golden dragon
 52527 | Vault:8  | Noticed a golden dragon
 52527 | Vault:8  | a titan changed into a golden dragon
 52532 | Vault:8  | Killed a golden dragon
 52532 | Vault:8  | Reached XP level 23. HP: 178/221 MP: 27/27
 52536 | Vault:8  | Reached XP level 22. HP: 175/213 MP: 36/37
 52560 | Vault:8  | Reached XP level 23. HP: 176/222 MP: 27/27
 52561 | Vault:8  | Reached XP level 22. HP: 173/213 MP: 36/37
 52611 | Vault:8  | Noticed a pulsating lump
 52611 | Vault:8  | a manticore changed into a pulsating lump
 52724 | Vault:8  | Reached XP level 23. HP: 223/223 MP: 27/27
 52773 | Vault:8  | Got a silver rune of Zot
 52976 | Vault:8  | Got a vibrating brass amulet
 52977 | Vault:8  | Identified the amulet "Sieh" (You acquired it on level 8 of the Vaults)
 53114 | Vault:8  | Noticed a deep elf high priest
 53128 | Vault:8  | Killed a deep elf high priest
 53159 | Vault:8  | Received a gift from Okawaru
 53196 | Vault:8  | Reached skill level 23 in Fighting
 53511 | Vault:7  | Received a gift from Okawaru
 54774 | Elf:2    | Found Yraes' Weapon Shoppe.
 54834 | Elf:2    | Found a burning altar of Makhleb.
 55184 | Elf:4    | Paralysed by a deep elf mage for 6 turns
 55264 | Elf:5    | Entered Level 5 of the Elven Halls
 55448 | Elf:5    | Found Stutyt's Distillery.
 56363 | Elf:5    | Cast into the Abyss (deep elf sorcerer)
 56363 | Abyss    | Entered The Abyss
 56813 | Abyss    | Found a corrupted altar of Lugonu.
 56868 | Abyss    | Found a corrupted altar of Lugonu.
 56941 | Abyss    | Received a gift from Okawaru
 56977 | Abyss    | Noticed a red ugly thing
 56997 | Abyss    | Noticed a red ugly thing
 57001 | Abyss    | Killed a red ugly thing
 57010 | Abyss    | Killed a red ugly thing
 57434 | Abyss    | Found a corrupted altar of Lugonu.
 57465 | Abyss    | Fell from the grace of Okawaru
 57465 | Abyss    | Became a worshipper of Lugonu the Unformed
 57465 | Abyss    | Acquired Lugonu's first power
 58307 | D:8      | Bought a scroll of enchant weapon I for 66 gold pieces
 58431 | Orc:4    | Bought a scroll of enchant weapon II for 99 gold pieces
 58433 | Orc:4    | Bought a scroll of enchant weapon II for 99 gold pieces
 59060 | Vault:8  | Identified the ring of Ryuvuj (You found it on level 8 of the Vaults)
 59854 | Vault:5  | Noticed a vapour
 60563 | D:5      | Fell from the grace of Lugonu
 60563 | D:5      | Became a worshipper of The Shining One
 61300 | Vault:3  | Found a staircase to the Crypt.
 61332 | Vault:3  | Reached XP level 24. HP: 219/236 MP: 28/28
 61350 | Crypt:1  | Entered Level 1 of the Crypt
 61374 | Crypt:1  | Acquired The Shining One's first power
 62679 | Crypt:2  | Acquired The Shining One's second power
 63167 | Crypt:3  | Got a vibrating emerald amulet
 63234 | Crypt:3  | Identified the amulet "Tyacuhae" (You acquired it on level 3 of the Crypt)
 63307 | Crypt:4  | Cast into the Abyss (a Zot trap)
 63387 | Abyss    | Noticed a naga mage
 63401 | Abyss    | Killed a naga mage
 64090 | Abyss    | Noticed a reaper
 64099 | Abyss    | Acquired The Shining One's third power
 64119 | Abyss    | Killed a reaper
 64268 | Abyss    | Noticed a deep dwarf
 64269 | Abyss    | Noticed a deep dwarf
 64270 | Abyss    | Noticed a deep dwarf death knight
 64303 | Abyss    | Killed a deep dwarf
 64305 | Abyss    | Killed a deep dwarf
 64391 | Abyss    | Got a pair of distressingly furry gloves
 64395 | Abyss    | Identified the +2 pair of gloves of Benevolence (You found it in the Abyss)
 64514 | Abyss    | Noticed a phantasmal warrior
 64516 | Abyss    | Noticed a flayed ghost
 64516 | Abyss    | Noticed a phantasmal warrior
 64538 | Abyss    | Killed a phantasmal warrior
 64674 | Abyss    | Acquired The Shining One's fourth power
 64686 | Abyss    | Noticed a deep dwarf death knight
 64688 | Abyss    | Noticed a deep dwarf
 64688 | Abyss    | Noticed a deep dwarf
 64689 | Abyss    | Noticed a deep dwarf
 64689 | Abyss    | Noticed a deep dwarf
 64690 | Abyss    | Noticed a deep dwarf
 64697 | Abyss    | Killed a deep dwarf death knight
 64701 | Abyss    | Killed a deep dwarf
 64703 | Abyss    | Killed a deep dwarf
 64708 | Abyss    | Killed a deep dwarf
 64710 | Abyss    | Killed a deep dwarf
 64716 | Abyss    | Killed a deep dwarf
 65311 | Crypt:5  | Entered Level 5 of the Crypt
 65435 | Crypt:5  | Noticed a reaper
 65537 | Crypt:5  | Noticed Margery
 65561 | Crypt:5  | Killed Margery
 65660 | Crypt:5  | Found an ancient bone altar of Kikubaaqudgha.
 65802 | Crypt:5  | Noticed a reaper
 65817 | Crypt:5  | Killed a reaper
 65817 | Crypt:5  | Reached XP level 25. HP: 245/245 MP: 28/28
 65855 | Crypt:5  | Killed a reaper
 65900 | Crypt:5  | Noticed an ancient lich
 66635 | D:5      | Identified a +8,+7 Blessed Blade (a +8,+7 demon blade blessed by the Shining One)
 67190 | D:23     | Bought a bread ration for 48 gold pieces
 67190 | D:23     | Bought a bread ration for 48 gold pieces
 67190 | D:23     | Bought a bread ration for 48 gold pieces
 67190 | D:23     | Bought a bread ration for 48 gold pieces
 67190 | D:23     | Bought a meat ration for 48 gold pieces
 67190 | D:23     | Bought a bread ration for 48 gold pieces
 67190 | D:23     | Bought an apple for 9 gold pieces
 67190 | D:23     | Bought an apple for 9 gold pieces
 67190 | D:23     | Bought a pear for 9 gold pieces
 67190 | D:23     | Bought a choko for 4 gold pieces
 67190 | D:23     | Bought an apricot for 9 gold pieces
 67190 | D:23     | Bought a choko for 4 gold pieces
 67190 | D:23     | Bought an apple for 9 gold pieces
 67190 | D:23     | Bought a pear for 9 gold pieces
 67539 | D:26     | Noticed a naga warrior
 67539 | D:26     | Noticed a naga warrior
 67545 | D:26     | Killed a naga warrior
 67554 | D:26     | Killed a naga warrior
 67896 | D:26     | Noticed a naga warrior
 67925 | D:26     | Killed a naga warrior
 68139 | D:27     | Entered Level 27 of the Dungeon
 68201 | D:26     | Noticed a naga warrior
 68213 | D:26     | Killed a naga warrior
 68395 | D:27     | Noticed CodaKJazz's ghost (great MiBe)
 68448 | D:27     | Killed CodaKJazz's ghost
 68662 | D:27     | Noticed a deep elf death mage
 68673 | D:27     | Killed a deep elf death mage
 68683 | D:27     | Found an ancient bone altar of Kikubaaqudgha.
 68779 | D:27     | Noticed a deep elf death mage
 68795 | D:27     | Killed a deep elf death mage
 68871 | D:27     | Noticed a deep elf death mage
 68879 | D:27     | Killed a deep elf death mage
 68902 | D:27     | Noticed a deep elf death mage
 68902 | D:27     | Noticed a deep elf death mage
 68906 | D:27     | Killed a deep elf death mage
 68918 | D:27     | Killed a deep elf death mage
 68994 | D:27     | Reached XP level 26. HP: 209/254 MP: 34/34
 69111 | D:27     | Noticed a deep elf death mage
 69115 | D:27     | Killed a deep elf death mage
 69259 | D:27     | Noticed a golden dragon
 69286 | D:27     | Killed a golden dragon
 69804 | D:27     | Found Lumoucka's Armour Shop.
 69875 | Zot:1    | Entered Level 1 of the Realm of Zot
 70779 | Zot:2    | Got a pair of faintly humming gloves
 70783 | Zot:2    | Identified the +1 pair of gloves "Zusoan" (You acquired it on level 2 of the Realm of Zot)
 71522 | Zot:5    | Entered Level 5 of the Realm of Zot
 71555 | Zot:5    | Reached XP level 27. HP: 234/261 MP: 37/37
 73495 | D:8      | Bought a scroll of recharging for 66 gold pieces
 73495 | D:8      | Bought a scroll of magic mapping for 42 gold pieces
 73495 | D:8      | Bought a scroll of enchant armour for 66 gold pieces
 73848 | D:16     | Noticed a yaktaur captain
 73862 | D:16     | Noticed a stone giant
 73869 | D:16     | Killed a yaktaur captain
 73876 | D:16     | Noticed a storm dragon
 73876 | D:16     | a ghost moth changed into a storm dragon
 73884 | D:16     | a storm dragon changed into a six-headed hydra
 75312 | Elf:5    | Noticed a deep elf blademaster
 75339 | Elf:5    | Killed a deep elf blademaster
 75354 | Elf:5    | Noticed a deep elf master archer
 75383 | Elf:5    | Killed a deep elf master archer
 76286 | Vault:5  | Killed a vapour
 76380 | Vault:8  | Got a faintly glowing ruby amulet
 76381 | Vault:8  | Identified the amulet "Sojucas" (You found it on level 8 of the Vaults)
 76875 | Crypt:3  | Gained mutation: Your muscles are strong (Str +1).
 76982 | Crypt:3  | Found a staircase to the Tomb.
 77000 | Tomb:1   | Entered Level 1 of the Tomb of the Ancients
 78690 | Tomb:2   | Got a transparent cap
 78695 | Tomb:2   | Identified the +4 cap of Elyvilon's Hope (You acquired it on level 2 of the Tomb of the Ancients)
 80777 | Crypt:5  | Noticed a reaper
 80808 | Crypt:5  | Killed an ancient lich
 80816 | Crypt:5  | Got a sparkling book
 80839 | Crypt:5  | Identified Sif Muna's Grimoire of Supportive Ice (You found it on level 5 of the Crypt)
 81150 | Hell     | Entered the Vestibule of Hell
 81150 | Hell     | Noticed Geryon
 81211 | Hell     | Killed Geryon
 81358 | Hell     | Noticed Murray
 81374 | Hell     | Killed Murray
 81767 | Geh:1    | Entered Level 1 of Gehenna
 81868 | Geh:1    | Noticed a Brimstone Fiend
 81876 | Geh:1    | Killed a Brimstone Fiend
 81939 | Geh:1    | Noticed a Brimstone Fiend
 81945 | Geh:1    | Killed a Brimstone Fiend
 82113 | Geh:3    | Gained mutation: You have a fast metabolism.
 82201 | Geh:4    | Noticed a soul eater
 82207 | Geh:4    | Killed a soul eater
 82351 | Geh:5    | Noticed a soul eater
 82354 | Geh:5    | Killed a soul eater
 82420 | Geh:5    | Noticed a Brimstone Fiend
 82428 | Geh:5    | Killed a Brimstone Fiend
 82557 | Geh:7    | Entered Level 7 of Gehenna
 82790 | Geh:7    | Noticed the Serpent of Hell
 82790 | Geh:7    | HP: 1/274 [hellion/burst of hellfire (21)]
 82797 | Geh:7    | Noticed an efreet
 82801 | Geh:7    | HP: 4/274 [hellion/burst of hellfire (32)]
 82886 | Geh:7    | Noticed an efreet
 83244 | Geh:7    | Noticed a Brimstone Fiend
 83247 | Geh:7    | Killed a Brimstone Fiend
 83248 | Geh:7    | Noticed an efreet
 83255 | Geh:7    | Killed an efreet
 83269 | Geh:7    | Noticed a Brimstone Fiend
 83279 | Geh:7    | Killed a Brimstone Fiend
 83403 | Geh:7    | Noticed a Brimstone Fiend
 83403 | Geh:7    | Noticed Asmodeus
 83410 | Geh:7    | Noticed a Brimstone Fiend
 83410 | Geh:7    | Noticed an efreet
 83411 | Geh:7    | Killed an efreet
 83412 | Geh:7    | Noticed an efreet
 83415 | Geh:7    | Killed a Brimstone Fiend
 83538 | Geh:7    | Noticed a Brimstone Fiend
 83541 | Geh:7    | Killed a Brimstone Fiend
 83666 | Geh:7    | Noticed a Brimstone Fiend
 83678 | Geh:7    | Killed a Brimstone Fiend
 83720 | Geh:7    | Killed an efreet
 83881 | Geh:7    | Killed Asmodeus
 83881 | Geh:7    | Reached skill level 24 in Invocations
 83906 | Geh:7    | Noticed a Brimstone Fiend
 83909 | Geh:7    | Killed a Brimstone Fiend
 83919 | Geh:7    | Got an obsidian rune of Zot
 84103 | Geh:7    | Killed the Serpent of Hell
 84109 | Geh:7    | Noticed a Brimstone Fiend
 84111 | Geh:7    | Noticed an efreet
 84116 | Geh:7    | Killed a Brimstone Fiend
 84125 | Geh:7    | Killed an efreet
 84183 | Geh:7    | Noticed a Brimstone Fiend
 84183 | Geh:7    | Noticed a Brimstone Fiend
 84187 | Geh:7    | HP: 5/262 [Brimstone Fiend/blast of hellfire (55)]
 84188 | Geh:7    | Killed a Brimstone Fiend
 84189 | Geh:7    | Killed from afar by a Brimstone Fiend
